 Dungeon Crawl Stone Soup version 0.27.1-33-g824d729ab1 (webtiles) character file.

Game seed: 2606987580158367147

333 solopath the Insei (level 6, 0/38 HPs)
             Began as an Octopode Transmuter on Dec 6, 2021.
             Succumbed to a water moccasin's poison
             ... on level 4 of the Dungeon.
             The game lasted 00:06:15 (4514 turns).

solopath the Insei (Octopode Transmuter)            Turns: 4514, Time: 00:06:15

Health: 0/38       AC:  1    Str:  9    XL:     6   Next: 53%
Magic:  6/9        EV: 13    Int: 17    God:
Gold:   138        SH:  0    Dex: 13    Spells: 0/9 levels left

rFire    . . .     SeeInvis .     - Unarmed
rCold    . . .     Faith    .   (no shield)
rNeg     . . .     Spirit   .   (helmet currently unavailable)
rPois    .         Reflect  .   (no amulet)
rElec    .         Harm     .   (no ring)
rCorr    .         Rampage  .   (no ring)
Will     .....     Clarity  +   (no ring)
Stlth    +++.......             (no ring)
HPRegen  0.12/turn              (no ring)
MPRegen  0.11/turn              (no ring)
                                (no ring)
                                (no ring)

@: lethally poisoned (0 -> -41), appendages, hasted, very quick
A: tentacle spike 3, almost no armour, amphibious, 8 rings, camouflage 1,
gelatinous body 1, (nimble swimmer 1), tentacles, clarity, subdued magic 1
a: End Transformation


You were on level 4 of the Dungeon.
One of your tentacles had grown a beastly spike.
You visited 1 branch of the dungeon, and saw 4 of its levels.

You collected 138 gold pieces.

Inventory:

Wands
 g - a wand of charming (7)
Scrolls
 b - 3 scrolls of teleportation {unknown}
 c - 6 scrolls of identify {unknown}
 e - a scroll of immolation {unknown}
 f - a scroll of blinking {unknown}
 h - a scroll of amnesia {unknown}
 i - a scroll of magic mapping {unknown}
Potions
 d - a potion of might {unknown}


   Skills:
 - Level 1.0 Fighting
 + Level 2.0 Dodging
 - Level 2.1 Stealth
 - Level 6.0 Unarmed Combat
 - Level 2.0 Spellcasting
 * Level 3.9 Transmutations
 + Level 0.0 Poison Magic


You couldn't memorise any spells.
You knew the following spells:

 Your Spells              Type           Power      Damage    Failure   Level
a - Beastly Appendage     Tmut           22%        N/A       3%          1
b - Summon Small Mammal   Summ           4%         N/A       16%         1
c - Spider Form           Tmut/Pois      3%         N/A       22%         3
d - Ice Form              Ice/Tmut       6%         N/A       61%         4

Your spell library contained the following spells:

 Spells                   Type           Power      Damage    Failure   Level
 Wereblood                Tmut           11%        N/A       4%          2
 Ignite Poison            Fire/Tmut/Pois 4%         N/A       30%         3
 Call Canine Familiar     Summ           1%         N/A       45%         3
 Conjure Flame            Conj/Fire      1%         6-21      45%         3
 Mephitic Cloud           Conj/Pois/Air  1%         N/A       45%         3
 Summon Guardian Golem    Hex/Summ       1%         N/A       45%         3
 Sticky Flame             Conj/Fire      1%         2d3       86%         4
 Bolt of Magma            Conj/Fire/Erth 0%         4d4       99%         5


Dungeon Overview and Level Annotations

Branches:
Dungeon (4/15)
 Temple: D:4-7

Altars:
Hepliaklqana

Shops:
D:2 =


Innate Abilities, Weirdness & Mutations

One of your tentacles has grown a beastly spike.
You cannot wear most types of armour.
You are amphibious.
You can wear up to eight rings at the same time.
Your skin changes colour to match your surroundings (Stealth+).
Your rubbery body absorbs attacks. (AC +1, EV +1)
((You are camouflaged near water. (Stealth+)))
You have tentacles for arms and can constrict up to eight enemies at once.
You possess an exceptional clarity of mind.
Your spells are a little easier to cast, but a little less powerful.


Message History

You kill the howler monkey!
Training target 6.0 for Unarmed Combat reached!
Your Unarmed Combat skill increases to level 6!
Unknown command.
Okay, then.
A water moccasin comes into view.
You see here a +0 pair of boots.
The water moccasin completely misses you.
The water moccasin bites you but does no damage.
There is an open door here.
You hit the water moccasin but do no damage.
The orc misses you. The water moccasin misses you.
You hit the water moccasin but do no damage.
The water moccasin is poisoned.
The water moccasin misses you. The orc barely misses you.
The water moccasin barely misses you.
You closely miss the water moccasin.
The water moccasin is lightly wounded.
The water moccasin bites you.
You are lethally poisoned!
The water moccasin poisons you!
Unknown command.
Casting: Spider Form (quite dangerous; 43% risk of failure)
Confirm with . or Enter, or press ? or * to list all spells.
Your transformation has ended.
One of your tentacles grows a vicious spike.
You feel extremely sick. The water moccasin bites you!
You are more poisoned.
The water moccasin poisons you!
You barely miss the water moccasin. You grab the water moccasin.
You pierce the water moccasin.
The water moccasin is lightly wounded.
You constrict the water moccasin, but do no damage.
* * * LOW HITPOINT WARNING * * *
You feel extremely sick. The water moccasin misses you.
It was a potion of haste.
You feel yourself speed up.
You constrict the water moccasin.
You die...

#######...........
#......(.......... ..
#................. .
+.............)... ... .
#............).).. .... #.
#.................
....##'###......###########
.........#......#....'....#
........#@.....#....#....#
.......oS[.....#....#..).'
.>##...#......#....#....#
###'##......##..####'##
#....^.......##'##.....
#............#...#.....
#............#...#.....
#............#...#.....
#............#####.....


You could see a water moccasin (poisoned) and an orc.

Vanquished Creatures
  A kobold brigand (D:3)
  A howler monkey (D:4)
  A jelly (D:4)
  Jessica (D:2)
  Terence (D:2)
  2 orc wizards (D:4)
  5 adders
  A worm (D:4)
  3 dart slugs
  3 orcs (D:4)
  A ball python (D:3)
  5 bats
  7 endoplasms
  3 goblins (D:1)
  2 hobgoblins
  3 quokkas
  4 frilled lizards (D:1)
  3 kobolds
  5 rats
52 creatures vanquished.

Notes
Turn   | Place    | Note
-------+----------+-------------------------------------------
     0 | D:1      | solopath the Octopode Transmuter began the quest for the
                  | Orb.
     0 | D:1      | Reached XP level 1. HP: 13/13 MP: 3/3
   586 | D:1      | Reached skill level 1 in Stealth
   715 | D:1      | Reached XP level 2. HP: 11/18 MP: 5/5
  1672 | D:2      | Found Uloyca Meigy's Jewellery Shop.
  1715 | D:2      | Learned a level 1 spell: Summon Small Mammal
  1738 | D:2      | Reached XP level 3. HP: 21/23 MP: 6/6
  1903 | D:2      | Noticed Jessica
  1903 | D:2      | Noticed Terence
  1925 | D:2      | Killed Jessica
  1926 | D:2      | Reached skill level 4 in Unarmed Combat
  1926 | D:2      | Reached XP level 4. HP: 18/28 MP: 7/7
  2002 | D:2      | Gained mutation: Your spells are a little easier to cast,
                  | but a little less powerful. [potion of mutation]
  2002 | D:2      | Gained mutation: You possess an exceptional clarity of
                  | mind. [potion of mutation]
  2008 | D:2      | Killed Terence
  2474 | D:2      | Learned a level 3 spell: Spider Form
  2761 | D:2      | Reached XP level 5. HP: 27/33 MP: 8/8
  3134 | D:3      | Found a faded altar of an unknown god.
  3137 | D:3      | Found a hazy altar of Hepliaklqana.
  3137 | D:3      | Noticed a kobold brigand
  3144 | D:3      | Killed a kobold brigand
  3145 | D:3      | Reached skill level 5 in Unarmed Combat
  3636 | D:3      | Found a faded altar of an unknown god.
  3833 | D:4      | Reached XP level 6. HP: 5/38 MP: 9/9
  4107 | D:3      | Learned a level 4 spell: Ice Form
  4506 | D:4      | Reached skill level 6 in Unarmed Combat
  4506 | D:4      | Noticed a water moccasin
  4514 | D:4      | Succumbed to a water moccasin's poison

Illustrated notes

Levels and vault maps discovered:
D:1:      tarquinn_simple_flora_water_b, layout_basic
D:2:      layout_basic, serial_shops, shop, uniq_jessica, uniq_terence
D:3:      layout_loops_cross, beargit_hepliaklqana_dungeon_heroes,
          hellmonk_ecumenical_altar_run_dry
D:4:      minmay_opposing_rooms, layout_gridville

Skill      XL: |  1  2  3  4  5  6 |
---------------+-------------------+-----
Stealth        | 1 2 |  2.1
Unarmed Combat | 4 5 6 |  6.0
Transmutations | 3 |  3.9
Fighting       | |  1.0
Dodging        | |  2.0
Spellcasting   | |  2.0

Action                   |  1- 3 |  4- 6 || total
-------------------------+-------+-------++-------
Melee: Unarmed           |    69 |    87 ||   156
       Constrict         |    13 |    17 ||    30
       Tentacles         |     9 |     7 ||    16
       Punch             |     3 |     2 ||     5
       Kick              |       |     9 ||     9
 Cast: Beastly Appendage |       |     8 ||     8
       Summon Small Mamm |       |     2 ||     2
       Spider Form       |       |     2 ||     2
  Use: Potion            |       |     7 ||     7
 Stab: Sleeping          |     8 |     7 ||    15
Armor: Skin              |     4 |    11 ||    15
Dodge: Dodged            |    34 |    71 ||   105
